 Dungeon Crawl Stone Soup version 0.31-a0-267-g3fc6992b3b (webtiles) character file.

Game seed: 12747055066190847215

70 qw the Shooter (level 4, 0/36 HPs)
             Began as a Minotaur Hexslinger on July 13, 2023.
             Killed by nerve-wracking pain
             ... invoked by Grinder
              (11 damage)
             ... on level 2 of the Dungeon.
             The game lasted 00:00:27 (1587 turns).

qw the Shooter (Minotaur Hexslinger)                Turns: 1587, Time: 00:00:27

Health: 0/36       AC:  8    Str: 13    XL:     4   Next: 4%
Magic:  4/4        EV: 11    Int: 10    God:
Gold:   96         SH:  0    Dex: 14    Spells: 4/5 levels left

rFire   . . .        Y - +1 sling
rCold   . . .        (no shield)
rNeg    . . .        f - +0 ring mail
rPois   .            (helmet restricted)
rElec   .            e - +2 cloak {Will+}
rCorr   .            (no gloves)
SInv    .            (no boots)
Will    +....        (no amulet)
Stlth   +            (no ring)
HPRegen 0.26/turn    (no ring)
MPRegen 0.09/turn

%: no passive effects
@: no status effects
A: horns 2, retaliatory headbutt
a: no special abilities


You were on level 2 of the Dungeon.
You visited 1 branch of the dungeon, and saw 3 of its levels.

You collected 96 gold pieces.


Innate Abilities, Weirdness & Mutations

You have a pair of horns on your head.
You reflexively headbutt those who attack you in melee.


   Skills:
 - Level 2.1 Fighting
 + Level 4.2 Ranged Weapons
 - Level 1.2 Armour
 - Level 2.1 Dodging
 - Level 1.0 Spellcasting
 - Level 2.0 Hexes


You had 4 spell levels left.
You knew the following spells:

 Your Spells              Type           Power      Damage    Failure   Level
a - Slow                  Hex            16%        N/A       32%         1

Your spell library contained the following spells:

 Spells                   Type           Power      Damage    Failure   Level
 Inner Flame              Hex/Fire       2%         N/A       82%         3
 Portal Projectile        Hex/Tloc       4%         N/A       82%         3
 Cause Fear               Hex            2%         N/A       97%         4

Inventory:

Hand Weapons
 Y - a +1 sling (weapon)
Armour
 e - a +2 cloak of willpower (worn)
 f - a +0 ring mail (worn)

Dungeon Overview and Level Annotations

Branches:
Dungeon (3/15)

Altars:

Shops:
D:2 =

Annotations:
D:2 Grinder


Message History

You resist with some effort.
You shoot a sling bullet. The sling bullet hits Grinder.
Grinder is lightly wounded.
You shoot a sling bullet. The sling bullet barely misses Grinder.
The sling bullet closely misses the orc.
Grinder hits you!
1583 ||| STAIRDANCE Grinder hits you.
You writhe in agony.
You climb upwards.
There is a stone staircase leading down here.
Enter note:
Enter note:
Enter note:
Enter note:
Enter note:
Enter note:
Enter note:
Enter note:
Enter note:
Enter note:
Enter note:
Enter note: You shoot a sling bullet.
The sling bullet hits Grinder but does no damage.
Grinder is lightly wounded.
Grinder hits you but does no damage.
Grinder says, "My boss said I was rubbish.
His entrails said otherwise."
Grinder gestures at you. Pain shoots through your body!
You shoot a sling bullet.
The sling bullet hits Grinder but does no damage.
Grinder is lightly wounded.
Grinder gestures at you. Pain shoots through your body!
You shoot a sling bullet.
The sling bullet hits Grinder but does no damage.
Grinder is lightly wounded.
Grinder gestures at you. Pain shoots through your body!
You die...

......####....####.##.#
......'<..............#####
......####.##.####........#
......'..........#........#
......####.##.##.#........#
......# #.##....#....#####
'###### #.####..#..#.# .#
##.####..#..#.# .#
#.......@...#.# ##
##.....5....#.#
#.#####.#..#.# #.# #.<..#.#
#.# #....#.# #.# #....#.#
#.# #(...#.# #.# #....#.#
#.#####......#


You could see Grinder.

Vanquished Creatures
  4 adders (D:2)
  A worm (D:2)
  A dart slug (D:1)
  4 ball pythons
  A bat (D:1)
  2 endoplasms (D:1)
  4 goblins (D:1)
  2 hobgoblins (D:1)
  3 quokkas
  5 frilled lizards
  A kobold (D:3)
  5 rats
33 creatures vanquished.

Notes
Turn   | Place    | Note
-------+----------+-------------------------------------------
     0 | D:1      | qw the Minotaur Hexslinger began the quest for the Orb.
     0 | D:1      | Reached XP level 1. HP: 16/16 MP: 1/1
     0 | D:1      | 0 ||| qw: Version: 0.3-a-52-g30416fa
     0 | D:1      | 0 ||| qw: Game counter: 7779
     0 | D:1      | 0 ||| qw: Melee chars always use a shield: true
     0 | D:1      | 0 ||| qw: God list: Okawaru
     0 | D:1      | 0 ||| qw: Allow faded altars: false
     0 | D:1      | 0 ||| qw: Do Orc after clearing Dungeon:15 true
     0 | D:1      | 0 ||| qw: Do second Lair branch before Depths: true
     0 | D:1      | 0 ||| qw: Lair rune preference: random
     0 | D:1      | 0 ||| qw: Goals: Normal
     0 | D:1      | 0 ||| PLANNING D:1-11
   188 | D:1      | Reached skill level 3 in Ranged Weapons
   241 | D:1      | Reached XP level 2. HP: 23/23 MP: 2/2
   930 | D:1      | 930 ||| UPGRADING to +2 cloak of willpower.
   935 | D:1      | 935 ||| UPGRADING to +0 ring mail.
   945 | D:1      | 945 ||| DROPPING +0 robe.
   946 | D:1      | 946 ||| READING scroll labelled YXUSHEAGODO.
   947 | D:1      | 947 ||| DROPPING scroll of poison.
  1082 | D:2      | Reached XP level 3. HP: 29/29 MP: 3/3
  1284 | D:2      | Reached skill level 4 in Ranged Weapons
  1296 | D:2      | Found Boklamos's Jewellery Shoppe.
  1304 | D:2      | 1304 ||| SHOPLISTING amulet of faith (480 gold, have 83).
  1304 | D:2      | 1304 ||| SHOPLISTING amulet of regeneration (360 gold, have
                  | 83).
  1304 | D:2      | 1304 ||| SHOPLISTING ring "Joacacib" {Ice Int+3} (459 gold,
                  | have 83).
  1344 | D:2      | Reached skill level 1 in Armour
  1504 | D:2      | Reached XP level 4. HP: 36/36 MP: 4/4
  1576 | D:3      | Noticed Grinder
  1583 | D:3      | 1583 ||| STAIRDANCE
  1587 | D:2      | Killed from afar by Grinder

Levels and vault maps discovered:
D:1:      scummos_arrival_star, layout_loops_corners, minmay_shallow_snake_nest
D:2:      layout_basic, serial_shops, shop
D:3:      layout_loops_ring, dk_yredelemnul_ordeal, uniq_jessica, uniq_grinder

Skill      XL: |  1  2  3 |
---------------+----------+-----
Ranged Weapons | 3 4 |  4.2
Fighting       | 2 |  2.1
Armour         | 1 |  1.2
Dodging        | |  2.1
Spellcasting   | |  1.0
Hexes          | |  2.0

Action                     |  1- 3 |  4- 6 || total
---------------------------+-------+-------++-------
   Fire: Sling             |   100 |     9 ||   109
    Use: Scroll            |     1 |       ||     1
 Armour: Robe              |     9 |       ||     9
         Ring mail         |     7 |     1 ||     8
  Dodge: Dodged            |    33 |     2 ||    35

Table legend:
 A = Non-vault XP
 B = Vault XP
 C = Vault XP percentage of total XP
 D = Non-vault monster count
 E = Vault monster count
 F = Vault count percentage of total count
                 A         B        C        D         E       F
            +---------+---------+-------+---------+---------+-------
      Total |     101 |       0 |   0.0 |      33 |       0 |   0.0
            +---------+---------+-------+---------+---------+-------
        D:1 |      33 |       0 |   0.0 |      20 |       0 |   0.0
        D:2 |      66 |       0 |   0.0 |      11 |       0 |   0.0
        D:3 |       2 |       0 |   0.0 |       2 |       0 |   0.0
            +---------+---------+-------+---------+---------+-------
